MID
QUAD CITIES RIVER BANDITS @ WEST MICHIGAN WHITECAPS
08/21/2049
 
TOP OF THE 1ST
Quad Cities River Bandits batting - Pitching for West Michigan Whitecaps : RHP Jorge Castaneda
Pitching: RHP Jorge Castaneda
Batting: RHB Sean Mounts 0-0: Fly out, F8 (Line Drive, 8LM, EV 110.6 MPH)
Batting: RHB Drew Coleman 0-0: SINGLE (Groundball, 25, EV 64.4 MPH) (infield hit)
Batting: LHB Bob Dietz 0-0: Ball
1-0: Ball
2-0: Fielders Choice at 2nd, 4-6 (Groundball, 4, EV 107.5 MPH)
Batting: RHB Xavier Castaneda 0-0: Called Strike
0-1: Fielders Choice at 2nd, 6-4 (Groundball, 6, EV 84.4 MPH)
Top of the 1st over - 0 runs, 1 hit, 0 errors, 1 left on base; Quad Cities 0 - West Michigan 0
BOTTOM OF THE 1ST
West Michigan Whitecaps batting - Pitching for Quad Cities River Bandits : RHP Mike Rosen
Pitching: RHP Mike Rosen
Batting: RHB Janne Vihko 0-0: Called Strike
0-1: Foul Ball, location: 2F
0-2: Ball
1-2: Foul Ball, location: 2F
1-2: Ball
2-2: Foul Ball, location: 2F
2-2: Strikes out swinging
Batting: LHB Nick Nino 0-0: Ball
1-0: Ball
2-0: Ball
3-0: Base on Balls
Batting: LHB Jon Frederick 0-0: Called Strike
Nick Nino steals 2nd base (no throw)
0-1: Ball
1-1: Ball
2-1: Called Strike
2-2: Foul Ball, location: 2F
2-2: Ball
3-2: Base on Balls
Batting: RHB J.J. Basil 0-0: Ball
1-0: Called Strike
Nick Nino steals 3rd, throwing error, E2
Nick Nino scores
Jon Frederick to third
1-1: Ball
2-1: Fly out, F3 (Popup, 3L, EV 79.4 MPH)
Batting: LHB Afanasy Zasekin 0-0: Called Strike
0-1: Fly out, F7 (Flyball, 78S, EV 87.5 MPH)
Bottom of the 1st over - 1 run, 0 hits, 1 error, 1 left on base; Quad Cities 0 - West Michigan 1
TOP OF THE 2ND
Quad Cities River Bandits batting - Pitching for West Michigan Whitecaps : RHP Jorge Castaneda
Batting: RHB Cameron Rattenbury 0-0: Foul Ball, location: 2F
0-1: Fly out, F7 (Line Drive, 7S, EV 91.2 MPH)
Batting: RHB Omar Amaya 0-0: Ball
1-0: Called Strike
1-1: Called Strike
1-2: Ball
2-2: Fly out, F7 (Flyball, 78S, EV 90.6 MPH)
Batting: RHB Andrew Pride 0-0: Called Strike
0-1: Ball
1-1: Ball
2-1: Foul Ball, location: 2F
2-2: DOUBLE (Line Drive, 89XD, EV 108.8 MPH)
Batting: SHB Benoît Morin 0-0: DOUBLE (Groundball, 5L, EV 105.0 MPH)
Andrew Pride scores
Batting: RHB Oren Jones 0-0: Ball
1-0: Swinging Strike
1-1: Ball
2-1: Ball
3-1: Foul Ball, location: 2F
3-2: Strikes out looking
Top of the 2nd over - 1 run, 2 hits, 0 errors, 1 left on base; Quad Cities 1 - West Michigan 1
BOTTOM OF THE 2ND
West Michigan Whitecaps batting - Pitching for Quad Cities River Bandits : RHP Mike Rosen
Batting: RHB Ernst Meloche 0-0: Ball
1-0: Ground out 5-3 (Groundball, 5, EV 102.5 MPH)
Batting: LHB Jamie Christian 0-0: Swinging Strike
0-1: SINGLE (Line Drive, 34D, EV 96.9 MPH)
Batting: RHB Norm Wood 0-0: Ball
1-0: Ball
2-0: SINGLE (Line Drive, 78S, EV 100.0 MPH)
Jamie Christian to second
Batting: RHB Keith Hoffman 0-0: Ball
1-0: Foul Ball, location: 2F
1-1: Fly out, F8 (Flyball, 8RM, EV 93.8 MPH)
Batting: RHB Janne Vihko 0-0: Called Strike
0-1: Ball
1-1: Swinging Strike
1-2: Ball
2-2: Foul Ball, location: 2F
2-2: SINGLE (Groundball, 6MD, EV 98.8 MPH)
Jamie Christian to third
Norm Wood to second
Batting: LHB Nick Nino 0-0: Ball
1-0: Ball
2-0: SINGLE (Groundball, 4MD, EV 95.6 MPH)
Jamie Christian scores
Norm Wood to third
Janne Vihko to second
Runner from 3rd tries for Home, SAFE, throw by CF to home
Batting: LHB Jon Frederick 0-0: Ball
Nick Nino steals 2nd base
Janne Vihko steals 3rd base
1-0: Foul Ball, location: 2F
1-1: Ball
2-1: SINGLE (Groundball, 3D, EV 105.0 MPH)
Janne Vihko scores
Nick Nino to third
Runner from 3rd tries for Home, SAFE, throw by RF to home
Batting: RHB J.J. Basil 0-0: Fly out, F7 (Flyball, 7S, EV 81.2 MPH)
Bottom of the 2nd over - 4 runs, 5 hits, 0 errors, 1 left on base; Quad Cities 1 - West Michigan 5
TOP OF THE 3RD
Quad Cities River Bandits batting - Pitching for West Michigan Whitecaps : RHP Jorge Castaneda
Batting: RHB Sean Mounts 0-0: Ground out 5-3 (Groundball, 5, EV 84.4 MPH)
Batting: RHB Drew Coleman 0-0: Ground out 5-3 (Groundball, 56, EV 81.2 MPH)
Batting: LHB Bob Dietz 0-0: Swinging Strike
0-1: Ground out 4-3 (Groundball, 4D, EV 101.9 MPH)
Top of the 3rd over - 0 runs, 0 hits, 0 errors, 0 left on base; Quad Cities 1 - West Michigan 5
BOTTOM OF THE 3RD
West Michigan Whitecaps batting - Pitching for Quad Cities River Bandits : RHP Mike Rosen
Batting: LHB Afanasy Zasekin 0-0: Foul Ball, location: 2F
0-1: SINGLE (Groundball, 34D, EV 101.9 MPH)
Batting: RHB Ernst Meloche 0-0: Called Strike
0-1: SINGLE (Groundball, 6MD, EV 99.4 MPH)
Afanasy Zasekin to second
Batting: LHB Jamie Christian 0-0: Ball
1-0: Called Strike
1-1: Ball
2-1: Fly out, F9 (Line Drive, 9LM, EV 86.2 MPH)
Batting: RHB Norm Wood 0-0: Ball
Wild Pitch!
Afanasy Zasekin to third
Ernst Meloche to second
1-0: Ball
2-0: Foul Ball, location: 2F
2-1: Ball
Wild Pitch!
Afanasy Zasekin scores
Ernst Meloche to third
3-1: Base on Balls
Batting: RHB Keith Hoffman 0-0: Ball
Norm Wood is caught stealing 2nd base 2-4
1-0: Ball
2-0: Called Strike
2-1: Ball
3-1: Ground out 3-1 (Groundball, 34S, EV 88.1 MPH)
Bottom of the 3rd over - 1 run, 2 hits, 0 errors, 1 left on base; Quad Cities 1 - West Michigan 6
TOP OF THE 4TH
Quad Cities River Bandits batting - Pitching for West Michigan Whitecaps : RHP Jorge Castaneda
Batting: RHB Xavier Castaneda 0-0: Called Strike
0-1: Ball
1-1: Swinging Strike
1-2: Strikes out swinging
Batting: RHB Cameron Rattenbury 0-0: Reached on error, E1 (Groundball, 25, EV 67.5 MPH)
Batting: RHB Omar Amaya 0-0: Called Strike
0-1: Ball
1-1: Foul Ball, location: 2F
1-2: Fly out, F9 (Flyball, 9LM, EV 86.2 MPH)
Batting: RHB Andrew Pride 0-0: Foul Ball, location: 2F
0-1: Fly out, F8 (Flyball, 8LXD, EV 100.6 MPH)
Top of the 4th over - 0 runs, 0 hits, 1 error, 1 left on base; Quad Cities 1 - West Michigan 6
BOTTOM OF THE 4TH
West Michigan Whitecaps batting - Pitching for Quad Cities River Bandits : RHP Mike Rosen
Batting: RHB Janne Vihko 0-0: Ball
1-0: SINGLE (Groundball, 6M, EV 84.4 MPH) (infield hit)
Batting: LHB Nick Nino 0-0: Called Strike
0-1: SINGLE (Groundball, 6MS, EV 71.9 MPH) (infield hit)
Janne Vihko to second
Batting: LHB Jon Frederick 0-0: Called Strike
0-1: Fly out, F9 (Line Drive, 89M, EV 90.0 MPH)
Runner from 2nd tags up, SAFE at 3rd with throw by RF
Batting: RHB J.J. Basil 0-0: Called Strike
Nick Nino steals 2nd base (no throw)
0-1: Ball
1-1: Fly out, F8 (Flyball, 8LXD, EV 88.1 MPH)
Runner from 3rd tags up, SCORES, no throw by CF
Nick Nino to third
Batting: LHB Afanasy Zasekin 0-0: Called Strike
0-1: Ball
1-1: Ball
2-1: Ball
3-1: Swinging Strike
3-2: Foul Ball, location: 2F
3-2: Ground out 6-3 (Groundball, 6M, EV 85.6 MPH)
Bottom of the 4th over - 1 run, 2 hits, 0 errors, 1 left on base; Quad Cities 1 - West Michigan 7
TOP OF THE 5TH
Quad Cities River Bandits batting - Pitching for West Michigan Whitecaps : RHP Jorge Castaneda
Batting: SHB Benoît Morin 0-0: Ball
1-0: Ball
2-0: Fly out, F8 (Line Drive, 8RD, EV 91.9 MPH)
Batting: RHB Oren Jones 0-0: Called Strike
0-1: Foul Ball, location: 2F
0-2: Ball
1-2: Ball
2-2: SINGLE (Line Drive, 34D, EV 105.6 MPH)
Batting: RHB Sean Mounts 0-0: Ball
1-0: Foul Ball, location: 2F
1-1: Ball
2-1: Ball
3-1: Fly out, F6 (Popup, 6M, EV 73.8 MPH)
Batting: RHB Drew Coleman 0-0: Ground out 4-3 (Groundball, 34, EV 84.4 MPH)
Top of the 5th over - 0 runs, 1 hit, 0 errors, 1 left on base; Quad Cities 1 - West Michigan 7
BOTTOM OF THE 5TH
West Michigan Whitecaps batting - Pitching for Quad Cities River Bandits : RHP Mike Rosen
Batting: RHB Ernst Meloche 0-0: Called Strike
0-1: Ground out 5-3 (Groundball, 56S, EV 83.1 MPH)
Batting: LHB Jamie Christian 0-0: Swinging Strike
0-1: Ball
1-1: Ball
2-1: Foul Ball, location: 2F
2-2: Fly out, F7 (Flyball, 78M, EV 85.6 MPH)
Batting: RHB Norm Wood 0-0: Called Strike
0-1: Fly out, F8 (Flyball, 8RD, EV 81.9 MPH)
Bottom of the 5th over - 0 runs, 0 hits, 0 errors, 0 left on base; Quad Cities 1 - West Michigan 7
TOP OF THE 6TH
Quad Cities River Bandits batting - Pitching for West Michigan Whitecaps : RHP Jorge Castaneda
Batting: LHB Bob Dietz 0-0: Called Strike
0-1: Foul Ball, location: 2F
0-2: Ball
1-2: Foul Ball, location: 2F
1-2: DOUBLE (Line Drive, 5D, EV 95.0 MPH)
Batting: RHB Xavier Castaneda 0-0: Called Strike
0-1: Ball
1-1: Ball
2-1: Ball
3-1: SINGLE (Flyball, 56D, EV 83.1 MPH)
Bob Dietz to third
Batting: RHB Cameron Rattenbury Pickoff Throw to First - Out! 1-3
0-0: Ball
1-0: Called Strike
1-1: Swinging Strike
1-2: Strikes out swinging
Batting: RHB Omar Amaya 0-0: Called Strike
0-1: Swinging Strike
0-2: Ground out U3 (Groundball, 13, EV 85.0 MPH)
Top of the 6th over - 0 runs, 2 hits, 0 errors, 1 left on base; Quad Cities 1 - West Michigan 7
BOTTOM OF THE 6TH
West Michigan Whitecaps batting - Pitching for Quad Cities River Bandits : RHP Mike Rosen
Batting: RHB Keith Hoffman 0-0: Called Strike
0-1: Ball
1-1: Swinging Strike
1-2: Ball
2-2: Ball
3-2: Base on Balls
Batting: RHB Janne Vihko 0-0: Ground out 5-3 (Groundball, 56, EV 84.4 MPH)
Keith Hoffman to second
Batting: LHB Nick Nino 0-0: Called Strike
0-1: Swinging Strike
0-2: Ground out 4-3 (Groundball, 4S, EV 85.6 MPH)
Keith Hoffman to third
Batting: LHB Jon Frederick 0-0: Ball
1-0: Called Strike
1-1: Foul Ball, location: 2F
1-2: Ball
2-2: Ball
3-2: Foul Ball, location: 2F
3-2: Foul Ball, location: 2F
3-2: Base on Balls
Pitching: RHP Kevin Zika
Batting: RHB J.J. Basil 0-0: Ball
1-0: Ball
2-0: Swinging Strike
2-1: Foul Ball, location: 2F
2-2: Strikes out swinging
Bottom of the 6th over - 0 runs, 0 hits, 0 errors, 2 left on base; Quad Cities 1 - West Michigan 7
TOP OF THE 7TH
Quad Cities River Bandits batting - Pitching for West Michigan Whitecaps : RHP Jorge Castaneda
Batting: RHB Andrew Pride 0-0: Ball
1-0: Called Strike
1-1: Foul Ball, location: 2F
1-2: Ball
2-2: Ball
3-2: Strikes out swinging
Batting: SHB Benoît Morin 0-0: Called Strike
0-1: Ball
1-1: Swinging Strike
1-2: Strikes out swinging
Batting: RHB Oren Jones 0-0: Swinging Strike
0-1: Swinging Strike
0-2: Foul Ball, location: 2F
0-2: Foul Ball, location: 2F
0-2: Ground out 6-3 (Groundball, 6M, EV 107.5 MPH)
Top of the 7th over - 0 runs, 0 hits, 0 errors, 0 left on base; Quad Cities 1 - West Michigan 7
BOTTOM OF THE 7TH
West Michigan Whitecaps batting - Pitching for Quad Cities River Bandits : RHP Kevin Zika
Batting: LHB Afanasy Zasekin 0-0: Fly out, F8 (Line Drive, 8RM, EV 86.9 MPH)
Batting: RHB Ernst Meloche 0-0: Ball
1-0: SINGLE (Line Drive, 56, EV 97.5 MPH)
Batting: LHB Jamie Christian 0-0: Called Strike
Ernst Meloche is caught stealing 2nd base 2-6
0-1: Swinging Strike
0-2: Ball
1-2: Ball
2-2: SINGLE (Line Drive, 8RS, EV 96.2 MPH)
Batting: RHB Norm Wood 0-0: Called Strike
0-1: Ball
1-1: Called Strike
1-2: Ball
2-2: DOUBLE (Groundball, 5L, EV 105.0 MPH)
Jamie Christian to third
Pitching: RHP Chance Robinson
Batting: RHB Keith Hoffman 0-0: Ball
1-0: Called Strike
1-1: Ball
2-1: Called Strike
2-2: Foul Ball, location: 2F
2-2: Ball
3-2: Foul Ball, location: 2F
3-2: Fly out, F3 (Line Drive, 34, EV 69.4 MPH)
Bottom of the 7th over - 0 runs, 3 hits, 0 errors, 2 left on base; Quad Cities 1 - West Michigan 7
TOP OF THE 8TH
Quad Cities River Bandits batting - Pitching for West Michigan Whitecaps : RHP Jorge Castaneda
Batting: RHB Sean Mounts 0-0: Ground out 4-3 (Groundball, 4, EV 105.0 MPH)
Batting: RHB Drew Coleman 0-0: Ball
1-0: Ground out 5-3 (Groundball, 56, EV 87.5 MPH)
Batting: LHB Bob Dietz 0-0: Ball
1-0: Foul Ball, location: 2F
1-1: SINGLE (Groundball, 4M, EV 103.8 MPH) (infield hit)
Pitching: RHP Alan Grossfeld
Batting: RHB Xavier Castaneda 0-0: Called Strike
0-1: Swinging Strike
0-2: Ball
1-2: Strikes out looking
Top of the 8th over - 0 runs, 1 hit, 0 errors, 1 left on base; Quad Cities 1 - West Michigan 7
BOTTOM OF THE 8TH
West Michigan Whitecaps batting - Pitching for Quad Cities River Bandits : RHP Chance Robinson
Batting: RHB Janne Vihko 0-0: Swinging Strike
0-1: Ball
1-1: Foul Ball, location: 2F
1-2: Foul Ball, location: 2F
1-2: Fly out, F1 (Line Drive, P, EV 73.1 MPH)
Batting: LHB Nick Nino 0-0: Ball
1-0: Called Strike
1-1: Swinging Strike
1-2: SINGLE (Flyball, 8LS, EV 92.5 MPH)
Batting: LHB Jon Frederick 0-0: Called Strike
0-1: Ball
1-1: Ball
Nick Nino steals 2nd base
2-1: Foul Ball, location: 2F
2-2: SINGLE (Groundball, 34D, EV 103.1 MPH) (infield hit)
Nick Nino to third
Pitching: RHP Jose Herrera
Batting: RHB J.J. Basil 0-0: Ball
1-0: Swinging Strike
1-1: Ball
Jon Frederick steals 2nd base
2-1: Foul Ball, location: 2F
2-2: Ground out 4-3 (Groundball, 4M, EV 108.1 MPH)
Nick Nino scores
Jon Frederick to third
Pinch Hitting: RHB Jose Evangelista 0-0: Ball
1-0: Swinging Strike
1-1: Ball
2-1: Swinging Strike
2-2: Strikes out looking
Bottom of the 8th over - 1 run, 2 hits, 0 errors, 1 left on base; Quad Cities 1 - West Michigan 8
TOP OF THE 9TH
Quad Cities River Bandits batting - Pitching for West Michigan Whitecaps : RHP Alan Grossfeld
Now in RF: Jose Evangelista
Pinch Hitting: LHB Aldo Kok 0-0: Ball
1-0: Swinging Strike
1-1: Ball
2-1: SINGLE (Groundball, 6MD, EV 101.2 MPH)
Batting: RHB Omar Amaya 0-0: Swinging Strike
0-1: Called Strike
0-2: Strikes out looking
Batting: RHB Andrew Pride 0-0: Called Strike
0-1: Ball
1-1: Swinging Strike
1-2: Ball
2-2: Strikes out swinging
Batting: SHB Benoît Morin 0-0: Called Strike
0-1: Ground out 5-3 (Groundball, 5L, EV 77.5 MPH)
Top of the 9th over - 0 runs, 1 hit, 0 errors, 1 left on base; Quad Cities 1 - West Michigan 8
Sunday, July 16th , 2023 - OOTP Baseball 24.6 Build 69